 Dungeon Crawl Stone Soup version 0.29.1 (webtiles) character file.

Game seed: 2752156013410128180

70 Icepheonix32 the Covered (level 4, -5/40 HPs)
             Began as a Minotaur Fighter on Sept 14, 2022.
             Slain by a gnoll
             ... wielding a +0 halberd
              (15 damage)
             ... on level 3 of the Dungeon.
             The game lasted 00:02:48 (1636 turns).

Icepheonix32 the Covered (Minotaur Fighter)         Turns: 1636, Time: 00:02:49

Health: -5/40      AC:  7    Str: 22    XL:     4   Next: 3%
Magic:  3/3        EV:  9    Int:  5    God:
Gold:   125        SH:  5    Dex: 16    Spells: 3/3 levels left

rFire   . . .      SeeInvis .   r - +1 whip (elec)
rCold   . . .      Faith    .   c - +0 buckler
rNeg    . . .      Spirit   .   b - +0 scale mail
rPois   +          Reflect  .   (helmet restricted)
rElec   .          Harm     .   (no cloak)
rCorr   .          Rampage  .   (no gloves)
Will    .....                   (no boots)
Stlth   ..........              (no amulet)
HPRegen 0.13/turn               p - ring of poison resistance
MPRegen 0.08/turn               u - +6 ring of dexterity

@: no status effects
A: horns 2, retaliatory headbutt
a: no special abilities


You were on level 3 of the Dungeon.
You visited 1 branch of the dungeon, and saw 3 of its levels.

You collected 125 gold pieces.

Inventory:

Hand Weapons
 a - a +0 war axe
 o - a +0 shortbow
 r - a +1 whip of electrocution (weapon)
Missiles
 h - 6 boomerangs (quivered)
 l - 5 javelins
Armour
 b - a +0 scale mail (worn)
 c - a +0 buckler (worn)
 v - a +0 chain mail
Jewellery
 p - a ring of poison resistance (left hand)
 u - a +6 ring of dexterity (right hand)
Scrolls
 g - a scroll of vulnerability {unknown}
 i - a scroll of fear {unknown}
 k - a scroll of enchant armour {unknown}
 m - 4 scrolls of identify {unknown}
 n - a scroll of noise {unknown}
 q - a scroll of fog {unknown}
 t - a scroll of poison {unknown}
Potions
 d - 2 potions of might
 e - a potion of degeneration {unknown}
 f - 2 potions of resistance {unknown}
 j - a potion of magic {unknown}
 s - a potion of berserk rage {unknown}


   Skills:
 + Level 4.0 Fighting
 - Level 2.9(3.0) Axes
 + Level 0.2(1.8) Maces & Flails
 + Level 2.0 Throwing
 + Level 4.1 Armour
 + Level 0.5 Dodging
 + Level 4.0 Shields


You had 3 spell levels left.
You didn't know any spells.
Your spell library was empty.

Dungeon Overview and Level Annotations

Branches:
Dungeon (3/15)

Altars:
Elyvilon


Innate Abilities, Weirdness & Mutations

You have a pair of horns on your head.
You reflexively headbutt those who attack you in melee.


Message History

m - 4 scrolls labelled OTAAGE VOGE (gained 1)
A gnoll comes into view. It is wielding a +0 flail.
The gnoll shouts!
A gnoll comes into view. It is wielding a +0 halberd.
You throw a boomerang. The gnoll shouts!
The boomerang hits the gnoll!
The gnoll is severely wounded.
You hear a shout!
A gnoll comes into view. It is wielding a +0 spear.
A gnoll comes into view. It is wielding a +0 halberd.
The gnoll shouts!
You throw a boomerang.
The boomerang hits the gnoll but does no damage.
The gnoll is severely wounded.
A quokka comes into view.
You throw a boomerang. The boomerang hits the gnoll!
You kill the gnoll!
You have reached level 4!
You feel agile.
You throw a boomerang. The boomerang barely misses the quokka.
The gnoll throws a stone.
The stone closely misses you. The quokka bites you.
You hit the quokka. Lightning courses through the quokka!
You kill the quokka!
You block the gnoll's attack.
Your Throwing skill increases to level 2!
The gnoll hits you from afar with a +0 spear.
The gnoll barely misses you.
The gnoll throws a stone.
The stone hits you but does no damage.
You barely miss the gnoll.
The gnoll hits you from afar with a +0 spear!
The gnoll barely misses you. x3
The gnoll hits you from afar with a +0 halberd!
You hit the gnoll.
The gnoll is moderately wounded.
The gnoll hits you from afar with a +0 spear.
The gnoll hits you with a +0 halberd!
* * * LOW HITPOINT WARNING * * *
The gnoll hits you from afar with a +0 halberd!
You die...

#........ ##
#........ .#
#........#
.##........#
..........#
#.).g.....#
#.g.g.....# .#
#######@.......#
.#
.$..............
.#
###########..#....
.# #..........#.#
### .#
#^########.#...
.######.## #.#.#.#
.#.......# #.#.#)#
.#.......# #.#.# #
.........# #.#.#


You could see 3 gnolls.

Vanquished Creatures
  An adder (D:2)
  A gnoll (D:3)
  A worm (D:3)
  3 orcs (D:3)
  7 bats
  3 giant cockroaches
  2 goblins (D:1)
  6 hobgoblins
  2 jackals (D:3)
  3 quokkas
  3 ball pythons
  2 frilled lizards
  4 kobolds
  2 rats (D:2)
40 creatures vanquished.

Notes
Turn   | Place    | Note
-------+----------+-------------------------------------------
     0 | D:1      | Icepheonix32 the Minotaur Fighter began the quest for the
                  | Orb.
     0 | D:1      | Reached XP level 1. HP: 19/19 MP: 0/0
   102 | D:1      | Found a faded altar of an unknown god.
   228 | D:1      | Reached XP level 2. HP: 26/27 MP: 1/1
   789 | D:2      | Reached XP level 3. HP: 33/33 MP: 2/2
   802 | D:2      | Reached skill level 1 in Throwing
  1204 | D:2      | Found a white marble altar of Elyvilon.
  1632 | D:3      | Reached XP level 4. HP: 40/40 MP: 3/3
  1636 | D:3      | Slain by a gnoll

Illustrated notes

Levels and vault maps discovered:
D:1:      eino_arrival_druids_welcome, layout_rooms,
          ebering_ecumenical_altar_abandoned, minmay_misc_feat_chi,
          grunt_decor_one_mirror, minivault_5
D:2:      layout_basic, basic_altar, amcnicky_mini_corridor_feature,
          st_stairs_10
D:3:      layout_basic, mainiacjoe_overflow_alcove_1,
          chequers_serial_rivers_large_b

Skill      XL: |  1  2  3  4 |
---------------+-------------+-----
Shields        | 4 |  4.0
Armour         | 4 |  4.1
Throwing       | 1 2 |  2.0
Fighting       | 4 |  4.0
Axes           | |  2.9
Maces & Flails | |  0.2
Dodging        | |  0.5

Action                   |  1- 3 |  4- 6 || total
-------------------------+-------+-------++-------
Melee: War axe           |    43 |       ||    43
       Whip              |     7 |     3 ||    10
       Headbutt          |     2 |       ||     2
Throw: Boomerang         |    69 |     1 ||    70
Armor: Scale mail        |    29 |     1 ||    30
Dodge: Dodged            |    40 |     5 ||    45
Block: Buckler           |    21 |     1 ||    22
